 Dungeon Crawl Stone Soup version 0.23.2-30-g0e89c35649 (webtiles) character file.

Game seed: 11207726796727885194

113 charge the Ducker (level 4, 0/32 HPs)
             Began as an Octopode Fighter on June 9, 2019.
             Killed from afar by a dart slug (4 damage)
             ... with a slug dart
             ... on level 2 of the Dungeon.
             The game lasted 00:02:36 (1683 turns).

charge the Ducker (Octopode Fighter)                Turns: 1683, Time: 00:02:37

Health: 0/32       AC:  1    Str: 16    XL:     4   Next: 96%
Magic:  4/4        EV: 12    Int: 14    God:
Gold:   65         SH:  9    Dex: 11    Spells: 3/3 levels left

rFire    . . .     SeeInvis .   a - +0 war axe
rCold    . . .     Gourm    .   b - +0 shield
rNeg     . . .     Faith    .   (helmet restricted)
rPois    .         Spirit   .   (no amulet)
rElec    .         Reflect  .   f - +4 ring of intelligence
rCorr    .         Harm     .   (no ring)
MR       .....                  (no ring)
Stlth    +++.......             (no ring)
HPRegen  0.10/turn              (no ring)
MPRegen  0.09/turn              (no ring)
                                (no ring)
                                (no ring)

@: no status effects
A: almost no armour, stealthy swim, amphibious, 8 rings, constrict 8, camouflage
1, gelatinous body 1
a: no special abilities


You were on level 2 of the Dungeon.
You were hungry.

You visited 1 branch of the dungeon, and saw 2 of its levels.

You collected 65 gold pieces.

Inventory:

Hand Weapons
 a - a +0 war axe (weapon)
Armour
 b - a +0 shield (worn)
Jewellery
 f - a +4 ring of intelligence (left tentacle)
Wands
 n - a wand of paralysis (9)
Scrolls
 e - 2 scrolls of random uselessness {unknown}
 k - a scroll of blinking {unknown}
 l - 2 scrolls of immolation {unknown}
 o - a scroll of identify {unknown}
 q - a scroll of fear {unknown}
Potions
 c - a potion of might
 g - a potion of brilliance {unknown}
 h - a potion of ambrosia {unknown}
 i - 2 potions of curing {unknown}
 j - a potion of degeneration {unknown}
 m - 2 potions of agility {unknown}
Comestibles
 d - 4 rations


   Skills:
 + Level 3.6 Fighting
 + Level 3.0 Axes
 + Level 3.7 Dodging
 + Level 1.8 Stealth
 + Level 3.5 Shields


You had 3 spell levels left.
You didn't know any spells.
Your spell library was empty.

Dungeon Overview and Level Annotations

Branches:
Dungeon (2/15)

Altars:
Elyvilon
Hepliaklqana
Ru

Annotations:
D:1 exclusion: downstairs


Innate Abilities, Weirdness & Mutations

You cannot wear most types of armour.
You are very stealthy in the water. (Stealth+)
You are amphibious.
You can wear up to eight rings at the same time.
You can use your tentacles to constrict eight enemies at once.
Your skin changes colour to match your surroundings (Stealth+).
Your rubbery body absorbs attacks. (AC +1, EV +1)


Message History

You barely miss the gnoll. Your grab misses the gnoll.
You barely miss something. Something barely misses you.
The gnoll hits you with a +0 spear. Something hits you!
You are too injured to fight recklessly!
You are too injured to fight recklessly!
You are too injured to fight recklessly!
You block the gnoll's attack.
Things that are here:
a +0 spear; a stone; a gnoll corpse Something hits you!
* * * LOW HITPOINT WARNING * * *
You see here a +0 dagger.
A dart slug comes into view.
You block the dart slug's attack.
A gnoll appears from thin air!
Reactivating autopickup.
There is a hazy altar of Hepliaklqana here.
The dart slug launches a dart at you. The slug dart hits you.
You die...

####.........########## #...<...
...#.####.##..........####.......
÷..#.####........................
.....##......#####.......#.......
........####.# #..........^)...
....###.# #.# ###..###÷.......
........# ##.## #.......#(......
....###.###..g####.......#.......
...........g_w..@................
.......####...###..........>.....
.......# ##.## #.#..###..#......
.......# #.# #.#......###.....
......## #.####.#. ###.. ######
#....g# ####..g)..# #..######.
..#...# #.....l##...# #.......#.
#####.###......###...............
###........... .##... ........


You could see 2 gnolls and a dart slug.

Vanquished Creatures
  A worker ant (D:2)
  2 gnolls
  2 adders (D:2)
  An ooze (D:2)
  2 dart slugs
  2 leopard geckos
  10 bats
  2 giant cockroaches
  6 goblins
  5 hobgoblins
  A quokka (D:2)
  4 kobolds
  6 rats
44 creatures vanquished.

Notes
Turn   | Place    | Note
-------+----------+-------------------------------------------
     0 | D:1      | charge the Octopode Fighter began the quest for the Orb.
     0 | D:1      | Reached XP level 1. HP: 16/16 MP: 1/1
    72 | D:1      | Reached XP level 2. HP: 21/21 MP: 2/2
   436 | D:1      | Reached XP level 3. HP: 23/26 MP: 3/3
   762 | D:1      | Reached skill level 1 in Stealth
   803 | D:2      | Found a white marble altar of Elyvilon.
   858 | D:2      | Reached XP level 4. HP: 32/32 MP: 4/4
  1173 | D:2      | Found a hazy altar of Hepliaklqana.
  1221 | D:2      | Found a sacrificial altar of Ru.
  1683 | D:2      | Killed from afar by a dart slug

Skill      XL: |  1  2  3  4 |
---------------+-------------+-----
Stealth        | 1 |  1.8
Axes           | 3 |  3.0
Fighting       | |  3.6
Dodging        | |  3.7
Shields        | |  3.5

Action                   |  1- 3 |  4- 6 || total
-------------------------+-------+-------++-------
Melee: War axe           |    79 |    18 ||    97
       Constrict         |    21 |     6 ||    27
       Tentacles         |    12 |     7 ||    19
 Stab: Sleeping          |     4 |     2 ||     6
  Eat: Chunk             |       |     2 ||     2
Armor: Skin              |    11 |       ||    11
Dodge: Dodged            |    47 |    10 ||    57
Block: Shield            |    50 |    10 ||    60
